 Dungeon Crawl Stone Soup version 0.27-a0-1105-g946c659c87 (webtiles) character file.

Game seed: 16684869440274185484

3991 DogServant the Skirmisher (level 10, -1/76 HPs)
             Began as a Djinni Ice Elementalist on Apr 29, 2021.
             Was an Initiate of Ashenzari.
             Slain by a two-headed ogre
             ... wielding a +0 giant club
              (8 damage)
             ... on level 9 of the Dungeon.
             The game lasted 00:34:46 (10962 turns).

DogServant the Skirmisher (DjIE)                   Turns: 10962, Time: 00:34:47

Health: -1/76      AC:  6    Str: 10    XL:     10   Next: 23%
Gold:   128        EV: 14    Int: 19    God:    Ashenzari [......] SH:  5 Dex: 14

rFire    + + +     SeeInvis .   o - +1 demon blade (vamp)
rCold    x . .     Faith    .   G - +0 buckler
rNeg     . . .     Spirit   .   t - +1 robe "Giomuh" {Str+2}
rPois    ∞         Reflect  .   C - +0 helmet
rElec    .         Harm     .   r - +0 cloak
rCorr    .         Rampage  .   B - +0 pair of gloves of Ashenzari's Anxiety {Melee, Self} (curse)
Will     +....                  (boots unavailable)
Stlth    ++........             F - amulet of regeneration
HPRegen  1.22/turn              b - ring of protection from fire
MPRegen  0.00/turn              (no ring)

@: about to teleport, flying
A: fire resistance 2, cold vulnerability 1, float, innate caster, hp casting,
extra vitality 1
a: Renounce Religion, Shatter the Chains


You were on level 9 of the Dungeon.
You worshipped Ashenzari.
Ashenzari was noncommittal.
You visited 2 branches of the dungeon, and saw 10 of its levels.
You also visited: Sewer.

You collected 352 gold pieces.
You spent 224 gold pieces at shops.

Inventory:

Hand Weapons
 h - a +0 whip of flaming
 o - a +1 vampiric demon blade (weapon)
 v - the +4 scimitar of the Tomato {drain, rC+}
   (You found it on level 5 of the Dungeon)

   A truly terrible weapon, it drains the life of those it strikes.
   It protects you from cold.
Missiles
 m - 124 stones
 y - 4 curare-tipped darts (quivered)
Armour
 r - a +0 cloak (worn)
 t - the +1 robe "Giomuh" (worn) {Str+2}
   (You bought it in a shop on level 4 of the Dungeon)

   It affects your strength (+2).
 B - the cursed +0 pair of gloves of Ashenzari's Anxiety (worn) {Melee, Self}
   (You found it on level 6 of the Dungeon)

   It has a curse which improves the following skills: Melee Combat: Short
   Blades, Long Blades, Axes, Maces & Flails, Polearms, Staves and Unarmed
   Combat.
   Introspection: Fighting and Spellcasting.
 C - a +0 helmet (worn)
 G - a +0 buckler (worn)
Jewellery
 b - a ring of protection from fire (left hand)
 F - an amulet of regeneration (around neck)
Wands
 c - a wand of paralysis (11)
 n - a wand of flame (62)
Scrolls
 a - 2 scrolls of enchant armour
 k - 3 scrolls of fog
 s - a scroll of brand weapon
 x - 8 scrolls of enchant weapon
 A - 2 scrolls of teleportation
Potions
 d - 10 potions of curing
 e - a potion of ambrosia
 f - 2 potions of haste
 l - a potion of invisibility
 q - a potion of lignification
 u - 2 potions of brilliance
 w - 2 potions of might
 z - 3 potions of heal wounds
 E - a potion of mutation


   Skills:
 - Level 7.4(8.0) Fighting
 - Level 3.0(4.4) Short Blades
 + Level 4.2(5.1) Long Blades
 + Level 3.6 Armour
 - Level 6.1 Dodging
 - Level 2.0 Stealth
 - Level 4.0 Shields
 - Level 7.2(7.7) Spellcasting


You couldn't memorise any spells.
You knew the following spells:

 Your Spells              Type           Power      Damage    Failure   Level
a - Freeze                Ice            100%       1d11      1%          1
b - Frozen Ramparts       Ice            72%        1d9       1%          3
c - Ozocubu's Armour      Ice            36%        N/A       1%          3
d - Searing Ray           Conj           72%        3d6       1%          2
e - Metabolic Englaciati  Hex/Ice        18%        N/A       11%         5
f - Sandblast             Erth           72%        2d16      1%          1
g - Inner Flame           Hex/Fire       36%        N/A       1%          3
h - Dazzling Flash        Conj/Hex       72%        N/A       1%          3
i - Hailstorm             Conj/Ice       36%        3d9       3%          4
Your spell library was empty.

Dungeon Overview and Level Annotations

Branches:
Dungeon (9/15)             Temple (1/1) D:5           Sewer (visited)
   Lair: D:8-11         Orc: D:9-12

Altars:
Ashenzari
Dithmenos
Elyvilon
Fedhas
Gozag
Hepliaklqana
Kikubaaqudgha
Makhleb
Nemelex Xobeh
Okawaru
Qazlal
Ru
Sif Muna
Trog
Uskayaw
Vehumet
Wu Jian
Xom
Yredelemnul
Zin
The Shining One
Lugonu

Shops:
D:1 *   D:4 [[=(=

Annotations:
D:8 exclusion: moth of wrath


Innate Abilities, Weirdness & Mutations

You are immune to poison.
Your flesh is very heat resistant. (rF++)
You are vulnerable to cold. (rC-)
You float through the air rather than walking.
You learn spells naturally, not from books.
Your magical power is your life essence.
You have superior vitality. (+4 HP)


Message History

The searing ray hits the two-headed ogre.
The two-headed ogre is lightly wounded. (Press . to maintain the ray.)
The searing ray hits the two-headed ogre.
The two-headed ogre is lightly wounded.
The searing ray hits the gnoll sergeant.
The gnoll sergeant is lightly wounded.
The gnoll hits the plant with a +0 halberd.
The plant begins to die.
The searing ray hits the two-headed ogre!
The two-headed ogre is moderately wounded.
The searing ray hits the gnoll!
You kill the gnoll!
The searing ray hits the two-headed ogre!
The two-headed ogre is heavily wounded.
The searing ray hits the gnoll sergeant.
The gnoll sergeant is lightly wounded.
You finish channeling your searing ray.
The two-headed ogre hits you with a +0 giant club.
The two-headed ogre barely misses you.
The two-headed ogre hits you with a +0 giant club!
The two-headed ogre hits you with a +0 giant club!!
You block the gnoll sergeant's attack.
Casting: Searing Ray (safe; 1% risk of failure)
Confirm with . or Enter, or press ? or * to list all spells.
You radiate an aura of cold.
The two-headed ogre resists.
The gnoll sergeant seems to slow down.
The gnoll seems to slow down.
The gnoll sergeant completely misses you.
The two-headed ogre hits you with a +0 giant club!!
* * * LOW HITPOINT WARNING * * *
You block the two-headed ogre's attack.
As you read the scroll of fear, it crumbles to dust.
You assume a fearsome visage.
The gnoll sergeant looks frightened!
The gnoll looks frightened!
The two-headed ogre easily resists.
A nearby plant withers and dies.
As you read the scroll of teleportation, it crumbles to dust.
You feel strangely unstable.
The gnoll sergeant is no longer moving slowly.
The two-headed ogre hits you with a +0 giant club!
You die...

#..♣♣♣≈≈...#.#..... #
#♣♣♣P≈≈≈P..#.#..... .
♣♣♣≈≈≈≈≈≈.#.'.....
#.♣♣♣≈≈≈≈PPP≈♣###.....
#≈♣≈≈≈≈≈≈≈≈P≈P≈##.....
#♣≈≈≈≈≈≈≈≈P≈P≈≈≈≈#.....
.♣≈≈≈≈≈≈≈≈≈≈≈≈≈≈P≈#.....
.≈≈≈≈≈P≈≈≈≈≈≈≈≈≈))).....
....)gO@.......)).......
$♣≈≈≈≈≈≈≈≈≈≈≈≈≈≈.≈#.....
≈≈≈≈≈≈≈≈≈≈≈≈≈≈≈≈.≈♣#####
♣≈≈≈≈≈≈≈≈♣♣♣≈≈≈≈.≈♣P#
≈≈≈≈g≈≈♣♣♣ ♣♣P≈≈.≈≈♣
≈≈≈≈≈≈≈ ♣♣♣≈P≈.≈≈♣
≈≈≈≈≈≈≈♣♣##P♣≈≈≈.≈≈♣
#♣≈≈♣≈≈P....♣P≈≈.≈≈♣#
.P≈P......>.P≈≈.≈♣≈#


You could see a two-headed ogre, a gnoll sergeant (fleeing) and a gnoll
(fleeing, slow).

Vanquished Creatures
  Pikel (D:5)
  Sigmund (D:3)
  A wyvern (D:8)
  2 water moccasins (D:8)
  2 orc warriors
  A sky beast (D:5)
  2 ice beasts
  3 black bears
  2 necrophages
  4 ogres
  A centaur (D:8)
  2 lemures (D:5)
  A kobold brigand (Sewer)
  3 scorpions
  A wyvern skeleton (D:5)
  3 wights (D:9)
  4 electric eels (D:9)
  A centaur zombie (D:8)
  2 hounds
  5 orc priests
  A jelly (D:5)
  Crazy Yiuf (D:3)
  A bullfrog skeleton (D:6)
  7 iguanas
  8 orc wizards
  A killer bee zombie (D:7)
  2 hound skeletons
  3 howler monkey zombies
  7 gnolls
  4 river rats (Sewer)
  11 adders
  A white imp (D:7)
  An ufetubus (D:5)
  5 worms
  2 dart slugs
  16 orcs
  4 bats
  7 endoplasms
  4 giant cockroaches
  5 goblins
  4 hobgoblins
  10 jackals
  25 kobolds
  4 quokkas
  19 ball pythons
  4 frilled lizards
  25 rats
224 creatures vanquished.

Vanquished Creatures (others)
  12 plants
12 creatures vanquished.

Grand Total: 236 creatures vanquished

Notes
Turn   | Place    | Note
-------+----------+-------------------------------------------
     0 | D:1      | DogServant the Djinni Ice Elementalist began the quest for
                  | the Orb.
     0 | D:1      | Reached XP level 1. HP: 15/15 MP: 0/0
   443 | D:1      | Reached XP level 2. HP: 21/21 MP: 0/0
   478 | D:1      | Found a faded altar of an unknown god.
   547 | D:1      | Found Datoa's Assorted Antiques.
  1282 | D:1      | Reached skill level 1 in Fighting
  1306 | D:1      | Reached XP level 3. HP: 20/27 MP: 0/0
  1306 | D:1      | Learned a level 1 spell: Sandblast
  2129 | D:3      | Reached XP level 4. HP: 19/33 MP: 0/0
  2313 | D:3      | Reached XP level 5. HP: 32/39 MP: 0/0
  2313 | D:3      | Learned a level 2 spell: Searing Ray
  2934 | D:3      | Found a sparkling altar of Nemelex Xobeh.
  3490 | D:3      | Noticed Sigmund
  3504 | D:3      | Killed Sigmund
  3505 | D:3      | Reached skill level 5 in Spellcasting
  3505 | D:3      | Reached XP level 6. HP: 8/47 MP: 0/0
  4112 | D:3      | Found a runed translucent door.
  4113 | D:3      | Noticed Crazy Yiuf
  4222 | D:3      | Killed Crazy Yiuf
  4328 | D:4      | Reached XP level 7. HP: 12/53 MP: 0/0
  4328 | D:4      | Learned a level 3 spell: Inner Flame
  4650 | D:4      | Found Guaq's Jewellery Boutique.
  4716 | D:4      | Reached skill level 5 in Fighting
  4801 | D:4      | Found Piesh's Jewellery Shop.
  4890 | D:4      | Found Uriaryph's Weapon Boutique.
  5007 | D:4      | Found Wockiz's Antique Armour Emporium.
  5280 | D:4      | Found Qutyliuf's Antique Armour Shop.
  5289 | D:4      | Reached XP level 8. HP: 54/61 MP: 0/0
  5294 | D:4      | Bought a faintly humming robe for 125 gold pieces
  5294 | D:4      | Identified the +1 robe "Giomuh" {Str+2} (You bought it in a
                  | shop on level 4 of the Dungeon)
  5376 | D:5      | Entered Level 5 of the Dungeon
  5863 | D:5      | Noticed Pikel
  5873 | D:5      | Killed Pikel
  5874 | D:5      | Reached XP level 9. HP: 40/68 MP: 0/0
  5874 | D:5      | Learned a level 3 spell: Dazzling Flash
  6069 | D:5      | Identified the +4 scimitar of the Tomato {drain, rC+}
  6348 | D:5      | Found a shadowy altar of Dithmenos.
  6357 | D:5      | Found a staircase to the Ecumenical Temple.
  6362 | Temple   | Entered the Ecumenical Temple
  6391 | Temple   | Became a worshipper of Ashenzari the Shackled
  6391 | Temple   | Identified a scroll of acquirement
  6650 | D:6      | Reached skill level 1 in Short Blades
  6650 | D:6      | Reached skill level 1 in Armour
  6659 | D:6      | Reached skill level 5 in Dodging
  6751 | D:6      | Acquired a +1 vampiric demon blade
  6767 | D:6      | Identified Ceecog's Almanac of the Unholy Compass
  6806 | D:6      | Found a glowing drain.
  6821 | Sewer    | Entered a sewer
  8152 | D:6      | Found a blossoming altar of Fedhas.
  8596 | D:4      | Bought a buckler for 99 gold pieces
  8774 | D:7      | Reached skill level 1 in Long Blades
  8813 | D:7      | Reached skill level 1 in Shields
  8828 | D:7      | Found an ornate altar of the Wu Jian Council.
  8944 | D:7      | Found an opulent altar of Gozag.
  9280 | D:7      | Found an iron altar of Okawaru.
  9281 | D:7      | Found a sacrificial altar of Ru.
  9392 | D:8      | Found a white marble altar of Elyvilon.
  9392 | D:8      | Found a hazy altar of Hepliaklqana.
  9393 | D:8      | Found a glowing silver altar of Zin.
  9538 | D:8      | Reached XP level 10. HP: 18/75 MP: 0/0
  9895 | D:8      | Noticed a moth of wrath
  9898 | D:8      | Found a bloodstained altar of Trog.
 10866 | D:9      | Found a burning altar of Makhleb.
 10912 | D:9      | Noticed a two-headed ogre
 10962 | D:9      | Slain by a two-headed ogre

Illustrated notes

Levels and vault maps discovered:
D:1:      dpeg_arrival_houses_and_road, layout_basic, serial_shops, shop,
          ebering_ecumenical_altar_hall
D:2:      layout_basic, minmay_crystal_room
D:3:      layout_loops_ring, lemuel_tele_altar, chequers_serial_rivers_large_b,
          minmay_misc_feat_chi, minmay_snake_closets, uniq_sigmund,
          uniq_crazy_yiuf_cottage
D:4:      layout_cave_pools, serial_shops, shop, nicolae_shop_trees,
          nicolae_shop_temple_entry_statues_fountains, nicolae_shop_statue_plus,
          shop, serial_forest, infiniplex_forest_clump_small,
          infiniplex_forest_fountain, infiniplex_forest_3_way,
          infiniplex_forest_lined_2, infiniplex_forest_clump_curved,
          infiniplex_forest_zigzag_1, infiniplex_forest_clump_large
D:5:      layout_cave_pools, kennysheep_mini_moat, temple_doors_ab,
          minivault_23, minmay_checkerbox, uniq_pikel
D:6:      layout_loops_cross, fedhas_altar_3, kennysheep_orc_sif_temple,
          cheibrodos_sewer_entry_bend, grunt_decor_arrowhead
D:7:      layout_basic, general_overflow_altar, grunt_gozag_statues,
          gammafunk_temple_overflow_statue
D:8:      layout_cave_pods, chequers_temple_overflow_statue_of_worship, tgw_trog
D:9:      layout_roguey, kennysheep_slug_shrine, lemuel_coloured_pillars_altar,
          serial_bayou, serial_bayou_pond_a, serial_bayou_lagoon_b,
          serial_bayou_ford_a, serial_bayou_pond_a
Temple:   corrupted_temple

Skill      XL: |  1  2  3  4  5  6  7  8  9 10 |
---------------+-------------------------------+-----
Fighting       | 1 2 4 5 7 |  7.4
Spellcasting   | 4 5 6 7 |  7.2
Stealth        | 2 |  2.0
Dodging        | 4 6 |  6.1
Short Blades   | 3 |  3.0
Armour         | 3 |  3.6
Long Blades    | 3 4 |  4.2
Shields        | 3 4 |  4.0

Action                   |  1- 3 |  4- 6 |  7- 9 | 10-12 || total
-------------------------+-------+-------+-------+-------++-------
Melee: Short sword       |     7 |       |       |       ||     7
       Whip              |    40 |       |       |       ||    40
       Dagger            |       |    32 |    11 |       ||    43
       Demon blade       |       |       |    61 |    43 ||   104
       Scimitar          |       |       |     3 |       ||     3
 Cast: Freeze            |    23 |     5 |    28 |     3 ||    59
       Frozen Ramparts   |     2 |     6 |    25 |     3 ||    36
       Ozocubu's Armour  |       |     2 |     2 |     2 ||     6
       Searing Ray       |       |    23 |    39 |     3 ||    65
       Hailstorm         |       |       |     5 |       ||     5
       Inner Flame       |       |       |     3 |     1 ||     4
       Sandblast         |       |       |    10 |    17 ||    27
       Dazzling Flash    |       |       |     6 |     2 ||     8
       Metabolic Englaci |       |       |       |     1 ||     1
Invok: Curse Item        |       |       |       |     1 ||     1
  Use: Scroll            |       |       |     8 |     2 ||    10
 Stab: Sleeping          |     3 |     4 |       |       ||     7
Armor: Robe              |    14 |     8 |    26 |    10 ||    58
Dodge: Dodged            |    38 |    34 |   100 |    39 ||   211
Block: Buckler           |       |       |       |    10 ||    10
       Rpst.: Demon blade |       |       |    18 |    10 ||    28
       Scimitar          |       |       |     1 |       ||     1

Table legend: (Time is in decaauts)
 A = Elapsed time spent in this place.
 B = Non-inter-level travel time spent in this place.
 C = Inter-level travel time spent in this place.
 D = Time resting spent in this place.
 E = Time spent auto-exploring this place.
 F = Levels seen in this place.
 G = Mean time per level.
                   A        B        C        D        E       F      G
               +--------+--------+--------+--------+--------+-----+--------+
         Total |  10986 |  10398 |    588 |    689 |   8314 |  11 |  998.7 |
       Dungeon |  10290 |   9715 |    575 |    689 |   7824 |   9 | 1143.3 |
        Temple |     50 |     37 |     13 |      0 |     23 |   1 |   50.0 |
         Sewer |    645 |    645 |      0 |      0 |    467 |   1 |  645.0 |
               +--------+--------+--------+--------+--------+-----+--------+

Top non-repeatable levels by time:
     D:3: 2046 daAuts
     D:1: 1445 daAuts
     D:4: 1207 daAuts
     D:5: 1184 daAuts
     D:6: 1097 daAuts
     D:8: 1008 daAuts
     D:7: 910 daAuts
     D:2: 821 daAuts
   Sewer: 645 daAuts
     D:9: 569 daAuts
  Temple: 50 daAuts
